 Dungeon Crawl Stone Soup version 0.28-a0-823-gb444dcf96d (webtiles) character file.

Game seed: 614121840072130528

56 SmokeWeed the Sneak (level 4, -7/26 HPs)
             Began as a Kobold Brigand on Nov 10, 2021.
             Killed by nerve-wracking pain
             ... invoked by Grinder
              (11 damage)
             ... on level 3 of the Dungeon.
             The game lasted 00:04:57 (1536 turns).

SmokeWeed the Sneak (Kobold Brigand)                Turns: 1536, Time: 00:04:58

Health: -7/26      AC:  3    Str:  9    XL:     4   Next: 15%
Magic:  4/4        EV: 15    Int: 12    God:
Gold:   94         SH:  0    Dex: 16    Spells: 2/3 levels left

rFire   . . .      SeeInvis .   p - +2 hunting sling (freeze)
rCold   . . .      Faith    .   (shield restricted)
rNeg    . . .      Spirit   .   b - +0 robe
rPois   .          Reflect  .   (no helmet)
rElec   .          Harm     .   c - +0 cloak
rCorr   .          Rampage  .   (no gloves)
Will    .....                   (no boots)
Stlth   ++++......              (no amulet)
HPRegen 0.08/turn               (no ring)
MPRegen 0.09/turn               (no ring)

@: no status effects
A: small, no large weapons, nightstalker 3
a: no special abilities


You were on level 3 of the Dungeon.
You visited 1 branch of the dungeon, and saw 3 of its levels.

You collected 94 gold pieces.

Inventory:

Hand Weapons
 a - a +2 dagger
 p - a +2 hunting sling of freezing (weapon)
Missiles
 d - 7 poisoned darts
 e - 2 curare-tipped darts
 i - 64 stones (quivered ammo)
 r - 3 atropa-tipped darts
Armour
 b - a +0 robe (worn)
 c - a +0 cloak (worn)
Scrolls
 g - 2 scrolls of identify {unknown}
 h - a scroll of blinking {unknown}
 j - 2 scrolls of teleportation {unknown}
 k - a scroll of vulnerability {unknown}
 m - a scroll of noise {unknown}
 o - a scroll of silence {unknown}
Potions
 f - 2 potions of curing {unknown}
 l - 2 potions of brilliance {unknown}
 n - 2 potions of berserk rage {unknown}
 q - a potion of heal wounds {unknown}


   Skills:
 + Level 2.1 Fighting
 + Level 2.9 Short Blades
 + Level 0.2(1.3) Slings
 * Level 2.4 Throwing
 * Level 2.3 Dodging
 + Level 6.7 Stealth
 + Level 0.1 Spellcasting


You had 2 spell levels left.
You knew the following spells:

 Your Spells              Type           Power      Damage    Failure   Level
a - Freeze                Ice            0%         1d3       32%         1

Your spell library contained the following spells:

 Spells                   Type           Power      Damage    Failure   Level
 Corpse Rot               Necr/Air       0%         N/A       45%         2
 Dispel Undead            Necr           0%         3d6       97%         4
 Death Channel            Necr           0%         N/A       100%        6


Dungeon Overview and Level Annotations

Branches:
Dungeon (3/15)

Altars:
Ashenzari

Annotations:
D:3 Grinder


Innate Abilities, Weirdness & Mutations

You are small and have problems with some larger weapons.
You are completely attuned to the shadows.


Message History

You kill the bat!
i - 68 stones (gained 1)
You see here a bat corpse.
Grinder comes into view.
You shoot a stone.
The stone hits Grinder but does no damage.
Grinder shouts!
You shoot a stone. The stone hits Grinder.
Grinder is lightly wounded.
Grinder closely misses you.
You shoot a stone. The stone hits Grinder.
Grinder is lightly wounded.
Grinder closely misses you.
You shoot a stone.
The stone hits Grinder but does no damage.
Grinder is lightly wounded.
Grinder hits you!
You writhe in agony.
Grinder says, "Tell me all your secrets, or I'll kill you."
Grinder blinks!
Grinder gestures at you.
You barely resist.
Grinder says, "Mostly I couldn't keep them alive."
Grinder gestures at you.
You barely resist.
Found a rapier.
Found a fluorescent wand, 14 gold pieces and 3 scrolls labelled MAATIXZOCW.
Grinder gestures at you. Pain shoots through your body!
Found a scroll labelled MAATIXZOCW.
Found a fizzy white potion and a purple potion.
You see here a scroll labelled MAATIXZOCW.
g - 2 scrolls labelled MAATIXZOCW (gained 1) Grinder gestures at you.
Pain shoots through your body!
Ouch! That really hurt!
* * * LOW HITPOINT WARNING * * *
An orc comes into view. It is wielding a +0 club.
Grinder gestures at you. Pain shoots through your body!
You die...

####### #.....# #.....#
#.....#### #........##
#..###. #.....##..## #..#)#.
#.....###..### #..###.
#.....# ##5..#### .......
##.....# ###@.... #....<
.......# ##..... ###.##
.#.#.#.# ##...#### ##..#
.......#
##....#!!!#.^###..##
.#.#.#.###..#..#?$[#..#...##
.......##..##5.#/)!#..#.###
.#.#.#.##.###..#####..#.#
.........# #...........##
.##...### #.........#..#####


You could see Grinder.

Vanquished Creatures
  2 adders (D:2)
  A dart slug (D:1)
  A ball python (D:2)
  A bat (D:3)
  9 endoplasms
  3 goblins (D:2)
  3 hobgoblins (D:1)
  2 quokkas
  A frilled lizard (D:2)
  4 kobolds
  4 rats
31 creatures vanquished.

Notes
Turn   | Place    | Note
-------+----------+-------------------------------------------
     0 | D:1      | SmokeWeed the Kobold Brigand began the quest for the Orb.
     0 | D:1      | Reached XP level 1. HP: 12/12 MP: 1/1
   168 | D:1      | Reached skill level 6 in Stealth
   168 | D:1      | Reached XP level 2. HP: 17/17 MP: 2/2
   416 | D:1      | Found a faded altar of an unknown god.
   428 | D:1      | Got Plato's Handbook of the Frostbite
   431 | D:1      | Learned a level 1 spell: Freeze
   735 | D:2      | Reached XP level 3. HP: 16/21 MP: 3/3
   844 | D:2      | Found a broken altar of Ashenzari.
  1263 | D:2      | Reached XP level 4. HP: 26/26 MP: 4/4
  1485 | D:3      | Noticed Grinder
  1536 | D:3      | Killed from afar by Grinder

Illustrated notes

Levels and vault maps discovered:
D:1:      tarquinn_simple_flora_water_a, layout_rooms,
          shapermc_ecumenical_altar_rom_forum
D:2:      layout_basic, basic_altar, minmay_misc_feat_nine_boxes
D:3:      layout_rooms, mainiacjoe_overflow_alcove_1, serial_glass,
          glass_columns_b, glass_columns_a, item_on_display_a,
          due_unseen_surprise, minmay_rat_hole, uniq_grinder

Skill      XL: |  1  2 |
---------------+-------+-----
Stealth        | 6 |  6.7
Dodging        | 2 |  2.3
Fighting       | |  2.1
Short Blades   | |  2.9
Slings         | |  0.2
Throwing       | |  2.4
Spellcasting   | |  0.1

Action                   |  1- 3 |  4- 6 || total
-------------------------+-------+-------++-------
Melee: Dagger            |    62 |       ||    62
 Fire: Hunting sling     |     1 |    17 ||    18
Throw: Dart              |     4 |       ||     4
 Cast: Freeze            |     1 |       ||     1
 Stab: Sleeping          |    13 |       ||    13
Armor: Robe              |     9 |       ||     9
Dodge: Dodged            |    31 |     7 ||    38

Table legend: (Time is in decaauts)
 A = Elapsed time spent in this place.
 B = Non-inter-level travel time spent in this place.
 C = Inter-level travel time spent in this place.
 D = Time resting spent in this place.
 E = Time spent auto-exploring this place.
 F = Levels seen in this place.
 G = Mean time per level.
                   A        B        C        D        E       F      G
               +--------+--------+--------+--------+--------+-----+--------+
         Total |   1528 |   1479 |     49 |      0 |   1159 |   3 |  509.3 |
       Dungeon |   1528 |   1479 |     49 |      0 |   1159 |   3 |  509.3 |
               +--------+--------+--------+--------+--------+-----+--------+

Top non-repeatable levels by time:
     D:2: 748 daAuts
     D:1: 676 daAuts
     D:3: 103 daAuts
